Map: 애씨드 플랜트 - 래더

Players

liquidthermy (uThermal)

  • Race: Protoss Protoss
  • League: Grandmaster
  • Spawn Location: 11:00

FanTaSy - Winner!

  • Race: Terran Terran
  • League: Diamond
  • Spawn Location: 5:00

Event: HomeStory Cup XVII

VOD

Have the link to the VOD?

Description

Time

  • Played on: June 29, 2018, 2:39 p.m.
  • Length: 6:49

All games in this series

Show
View Real Time Build Order
Export as new Build Order

liquidthermy Protoss 

Build Orders: Proxy Void Ray 

Get SALT Encoding   

  12  0:11  Pylon  
  12  0:12  Probe  
  13  0:27  Probe  
  13  0:29  Gateway  
  13  0:35  Probe  
  14  0:40  Assimilator  
  15  0:45  Probe  
  16  0:51  Assimilator  
  16  0:57  Probe  
  17  1:10  Probe  
  18  1:15  Cybernetics Core  
  18  1:19  Pylon  
  18  1:23  Probe  
  19  1:35  Probe  
  20  1:44  Adept  
  20  1:47  Probe  
  23  1:56  Stargate  
  23  2:00  Shield Battery  
  23  2:02  Probe  
  24  2:12  Stalker  
  26  2:28  Void Ray  
  26  2:32  Pylon  
  30  2:55  Pylon  
  30  3:02  Void Ray  
  34  3:23  Shield Battery  
  34  3:29  Shield Battery  
  34  3:36  Pylon  
  34  3:38  Stalker  
  36  3:55  Shield Battery  
  30  4:08  Stalker  
  30  4:09  Void Ray  
  36  4:30  Shield Battery  
  36  4:42  Stalker  
  38  4:50  Shield Battery  
  38  5:03  Void Ray  
  38  5:36  Void Ray  
  38  5:41  Shield Battery  
Show
View Real Time Build Order
Export as new Build Order

FanTaSy Terran - Winner!

Build Orders: Cyclone Opening, Gas First Reaper Expand, Reaper Expand, Cyclone Timing 

Get SALT Encoding   

  12  0:00  SCV  
  13  0:12  SCV  
  14  0:17  Supply Depot  
  14  0:24  SCV  
  15  0:29  Refinery  
  15  0:38  SCV  
  16  0:44  Barracks  
  16  0:50  SCV  
  17  1:03  SCV  
  18  1:15  SCV  
  19  1:31  Orbital Command  
  19  1:32  Reaper  
  20  1:47  Command Center  
  20  1:54  Factory  
  20  1:57  SCV  
  21  2:03  Refinery  
  21  2:07  Barracks Reactor  
  21  2:09  SCV  
  22  2:17  Supply Depot  
  22  2:21  SCV  
  22  2:28  Engineering Bay  
  22  2:36  SCV  
  23  2:40  Cyclone  
  23  2:44  Marine  
  26  2:46  Marine  
  27  3:00  Missile Turret  
  27  3:03  Marine x2  
  29  3:16  Cyclone  
  31  3:25  Marine  
  31  3:28  Marine  
  31  3:30  Starport  
  31  3:32  Missile Turret  
  31  3:38  Supply Depot  
  31  3:43  Supply Depot  
  31  3:52  Bunker  
  31  3:59  Marine x2  
  31  4:00  Cyclone, SCV  
  37  4:07  Medivac, Supply Depot  
  39  4:15  Supply Depot  
  38  4:36  Cyclone  
  41  4:38  Supply Depot  
  41  4:41  Marine x2  
  43  4:51  Viking  
  43  5:01  Marine x2  
  45  5:13  Cyclone  
  47  5:21  Viking  
  47  5:41  Missile Turret  
  45  6:08  Cyclone  
  46  6:16  Viking  
  48  6:22  Missile Turret  
  48  6:26  Missile Turret  
  39  6:45  Missile Turret  
Tags
 
Add a new tag
Caveats
  • Supply blocks, unpowered buildings, or Contaminate may cause inaccurate times.
  • Supply counts are checked every 10 seconds.